 Dungeon Crawl Stone Soup version 0.31-a0-355-g57cb03d3e8 (webtiles) character file.

Game seed: 13212653524690780329

27099 Newt the Mimic (level 13, -1/96 HPs)
             Began as a Red Draconian Shapeshifter on July 24, 2023.
             Was a High Priest of the Shining One.
             Slain by a death yak (12 damage)
             ... on level 4 of the Lair of Beasts.
             The game lasted 00:22:07 (13974 turns).

Newt the Mimic (Red Draconian Shapeshifter)        Turns: 13974, Time: 00:22:08

Health: -1/96      AC: 15    Str: 26    XL:     13   Next: 2%
Magic:  17/19      EV: 13    Int: 17    God:    the Shining One [*****.]
Gold:   600        SH:  9    Dex: 10    Spells: 20/23 levels left

rFire   + . .        i - +11 hand axe "Dydustu" {protect, Int+2}
rCold   . . .        I - +0 kite shield "Tiaroj" {Rampage rN++ Will+}
rNeg    + + +        (body armour unavailable)
rPois   +            (helmet currently unavailable)
rElec   +            (cloak currently unavailable)
rCorr   +            (gloves currently unavailable)
SInv    .            (boots currently unavailable)
Will    +....        D - amulet of the acrobat
Stlth   +            G - ring of Ageoqu {rElec rPois Int+6}
HPRegen 0.36/turn    h - ring "Ozecy" {rPois rCorr Str+5 Dex-5}
MPRegen 0.16/turn

%: acrobat, clarity, rampage
@: short of breath, beast-form, under a protective aura, freezing walls,
glowing, unable to drink
A: beast (slay +6), breathe fire, AC +8, unfitting armour, fire resistance 1,
cold-blooded, thin skeletal structure 1, clarity, frail 1, low MP 1, evolution
1, inability to drink after injury 1
a: Breathe Fire, Begin Untransformation, Renounce Religion, Divine Shield,
Cleansing Flame, Summon Divine Warrior


You were on level 4 of the Lair of Beasts.
You worshipped the Shining One.
The Shining One was extremely pleased with you.
You were a hulking beast.
You visited 3 branches of the dungeon, and saw 15 of its levels.
You also visited: Gauntlet.

You collected 767 gold pieces.
You spent 167 gold pieces at shops.

Inventory:

Hand Weapons
 i - the +11 hand axe "Dydustu" (weapon) {protect, Int+2}
   (You found it on level 2 of the Dungeon)

   Int:       It affects your intelligence (+2).
 z - a +1 war axe of freezing
Missiles
 j - 8 boomerangs
 q - a throwing net
 s - 5 silver javelins
Armour
 u - a +3 kite shield
 I - the +0 kite shield "Tiaroj" (worn) {Rampage rN++ Will+}
   (You acquired it on level 3 of the Lair of Beasts)

   rN:        It greatly protects you from negative energy.
   Rampage:   It bestows one free step when moving towards enemies.
   Will:      It increases your willpower.
Jewellery
 c - a +6 ring of intelligence
 d - a ring of see invisible
 h - the ring "Ozecy" (right hand) {rPois rCorr Str+5 Dex-5}
   (You found it in a Gauntlet)

   [ring of resist corrosion]

   Str:       It affects your strength (+5).
   Dex:       It affects your dexterity (-5).
   rPois:     It protects you from poison.
   rCorr:     It protects you from acid and corrosion.
 k - a ring of ice
 m - a ring of poison resistance
 D - an amulet of the acrobat (around neck)
 G - the ring of Ageoqu (left hand) {rElec rPois Int+6}
   (You found it in a Gauntlet)

   [ring of intelligence]

   Int:       It affects your intelligence (+6).
   rElec:     It insulates you from electricity.
   rPois:     It protects you from poison.
Talismans
 v - a beast talisman
 y - a blade talisman
Wands
 b - a wand of charming (8)
 n - a wand of digging (5)
 t - a wand of flame (28)
 w - a wand of quicksilver (1)
Scrolls
 g - 3 scrolls of fog
 o - a scroll of summoning
 p - 3 scrolls of teleportation
 x - 2 scrolls of fear
 A - 2 scrolls of amnesia
 B - 2 scrolls of immolation
 J - a scroll of enchant weapon
 L - a scroll of blinking {unknown}
Potions
 a - 2 potions of lignification
 e - a potion of attraction
 f - a potion of haste
 l - 3 potions of curing
 r - 5 potions of brilliance
 E - a potion of heal wounds
 H - a potion of might
Miscellaneous
 C - a tin of tremorstones (2/2)
 F - a phial of floods


   Skills:
 - Level 8.0 Fighting
 - Level 7.0 Axes
 - Level 8.0 Dodging
 - Level 7.0 Shields
 - Level 3.0 Unarmed Combat
 + Level 5.6 Spellcasting
 + Level 5.1 Ice Magic
 - Level 9.0 Invocations
 - Level 6.0 Evocations
 - Level 9.0 Shapeshifting


You had 20 spell levels left.
You knew the following spells:

 Your Spells              Type           Power      Damage    Failure   Level
a - Frozen Ramparts       Ice            44%        1d7       9%          3

Your spell library contained the following spells:

 Spells                   Type           Power      Damage    Failure   Level
 Freeze                   Ice            88%        1d9       3%          1
 Kiss of Death            Conj/Necr      16%        2d6       26%         1
 Hailstorm                Conj/Ice       13%        3d5       26%         3
 Static Discharge         Conj/Air       8%         2-3/arc   36%         2
 Sublimation of Blood     Necr           4%         N/A       36%         2
 Wereblood                Tmut           4%         N/A       36%         2
 Confusing Touch          Hex            4%         N/A       58%         3
 Inner Flame              Hex/Fire       4%         N/A       58%         3
 Volatile Blastmotes      Fire/Tloc      8%         2d10      58%         3
 Airstrike                Air            2%         2d(1-17)  94%         4
 Dispel Undead            Necr           4%         3d7       94%         4
 Flame Wave               Conj/Fire      4%         2d5       94%         4
 Fulminant Prism          Conj/Hex       2%         3d5       94%         4
 Iskenderun's Mystic Bla  Conj/Tloc      4%         2d3       94%         4
 Petrify                  Tmut/Erth      4%         N/A       94%         4
 Sticky Flame             Conj/Fire      4%         2d3       94%         4
 Summon Lightning Spire   Summ/Air       4%         N/A       94%         4
 Irradiate                Conj/Tmut      2%         3d12      100%        5


Dungeon Overview and Level Annotations

Branches:
Dungeon (10/15)            Temple (1/1) D:4            Lair (4/5) D:10
  Swamp (0/4) Lair:3        Snake (0/4) Lair:3        Slime (0/5) Lair:4
    Orc (0/2) D:9         Gauntlet (visited)

Altars:
Ashenzari
Cheibriados
Dithmenos
Elyvilon
Fedhas
Gozag
Hepliaklqana
Kikubaaqudgha
Makhleb
Nemelex Xobeh
Okawaru
Qazlal
Sif Muna
Trog
Uskayaw
Vehumet
Wu Jian
Xom
Yredelemnul
Zin
The Shining One
Jiyva

Shops:
D:8 [   D:9 *

Annotations:
D:9 5 transporters


Innate Abilities, Weirdness & Mutations

You are a hulking beast.
Your limbs bulge with bestial killing power. (Slay +6)
You can breathe blasts of fire.
Your fiery red scales are hard. (AC +8)
You cannot fit into any form of body armour.
Your flesh is heat resistant. (rF+)
You are cold-blooded and may be slowed by cold attacks.
You have a somewhat thin skeletal structure. (Dex +2, Stealth+)
You possess an exceptional clarity of mind.
You are frail. (-10% HP)
Your magical capacity is low. (-10% MP)
You have hidden genetic potential.
You occasionally lose the ability to drink potions when taking damage.


Message History

The wall freezes the death yak but does no damage.
The death yak gores you but does no damage.
The wall freezes the yak but does no damage.
Unknown command.
You slash the death yak!
The death yak is heavily wounded.
The ice encasing you melts away.
The wall freezes the death yak but does no damage.
The death yak gores you!
* * * LOW HITPOINT WARNING * * *
The wall freezes the rime drake but does no damage.
You hit the death yak. You tail-slap the death yak.
The death yak is heavily wounded.
The wall freezes the yak but does no damage.
The wall freezes the death yak but does no damage.
The death yak gores you!
* * * LOW HITPOINT WARNING * * *
Unknown command.
You cannot drink potions in your current state!
Unknown command.
Aiming: Breathe Fire (2% risk of failure)
Press: ? - help, Q - select action, (/) - cycle Shift-Dir - straight line, f - rime drake
Aim: a rime drake (lightly wounded, haloed, 76% to hit)
You breathe a blast of fire.
The fiery breath hits the death yak!
The death yak is severely wounded.
The fiery breath hits the rime drake!
The rime drake is moderately wounded.
The rime drake is engulfed in blazing flames.
The rime drake resists.
The wall freezes the rime drake.
The wall freezes the death yak.
The death yak barely misses you.
Unknown command.
Unknown command.
You cannot drink potions in your current state!
You slash the death yak!
You tail-slap the death yak, but do no damage.
The death yak is almost dead.
The wall freezes the yak but does no damage.
The wall freezes the death yak but does no damage.
The death yak gores you!
You die...

..# ... #..P#.# ..# ..## #..
#.....# ..####... .... ##...##
...#..> #... ##.....######
.†##.# .#......#.....##.#..#
<†...#####.......##...####...##
††....#P.##..#.....Y...#P...#.#
...#......#..P.###..k.......###
...##........>..h#.....P.....###
...###..#...#...#Y.....#.......#
..## ##....####..☼####..#......#
#.# ##.....####..## #...##....#
..# #.....##.##...# ###....#.##
...P#....#....##... ###......##
............##.(.##........#
..#.##.#...###.........#...###
....#....#.#####.#....####....##


You could see a death yak.

Vanquished Creatures
  A minotaur (Gauntlet)
  2 hydras (Lair:2)
  A death yak (Lair:4)
  Pikel (D:7)
  An oklob plant (Lair:2)
  Maurice (D:8)
  Joseph (Lair:1)
  6 black mambas
  5 elephants (Lair:4)
  A cane toad (Lair:1)
  Maggie (D:8)
  2 rime drakes
  3 komodo dragons
  A troll (D:10)
  3 polar bears
  2 hornets
  A tyrant leech (Gauntlet)
  3 meliai (D:10)
  15 blink frogs
  Prince Ribbit (D:5)
  3 large abominations (Gauntlet)
  5 small abominations (Gauntlet)
  15 yaks
  A chaos spawn (Gauntlet)
  2 steam dragons (D:9)
  A neqoxec (Gauntlet)
  4 swamp worms (Gauntlet)
  Menkaure (D:5)
  2 nagas (Lair:3)
  2 acid dragons
  A warg (D:9)
  7 water moccasins
  8 ice beasts
  A sky beast (D:6)
  6 orc warriors
  2 black bears
  An ogre (D:6)
  30 wolves
  2 centaurs
  A lemure (D:7)
  2 phantoms
  9 bullfrogs
  Blork the orc (D:6)
  3 kobold brigands
  3 scorpions
  10 wights
  7 crimson imps (D:9)
  A quasit (D:7)
  3 jellies
  6 hounds
  4 orc priests
  A gnoll bouda (D:8)
  3 iron imps (D:9)
  A sleepcap (D:6)
  3 iguanas
  6 orc wizards
  6 adders
  8 gnolls
  A river rat (D:5)
  4 shadow imps
  10 white imps
  5 ufetubi
  2 worms
  3 dart slugs (D:1)
  27 orcs
  3 bats
  12 endoplasms
  4 giant cockroaches
  5 goblins
  3 hobgoblins
  4 jackals (D:1)
  4 quokkas
  13 ball pythons
  6 frilled lizards
  19 kobolds
  3 rats
  4 rat zombies (D:6)
356 creatures vanquished.

Notes
Turn   | Place    | Note
-------+----------+-------------------------------------------
     0 | D:1      | Newt the Draconian Shapeshifter began the quest for the
                  | Orb.
     0 | D:1      | Reached XP level 1. HP: 16/16 MP: 1/1
   118 | D:1      | Reached XP level 2. HP: 25/25 MP: 2/2
   243 | D:1      | You fall into a shaft and drop 1 floor!
   362 | D:1      | Reached XP level 3. HP: 31/31 MP: 3/3
  1073 | D:2      | Identified the +11 hand axe "Dydustu" {protect, Int+2}
  1229 | D:2      | Found a shimmering blue altar of Sif Muna.
  1492 | D:2      | Reached XP level 4. HP: 29/41 MP: 4/4
  1679 | D:3      | Found a white marble altar of Elyvilon.
  1809 | D:3      | Reached skill level 5 in Fighting
  1816 | D:3      | Noticed a phantom
  1828 | D:3      | Killed a phantom
  1829 | D:3      | Reached XP level 5. HP: 30/48 MP: 5/5
  2215 | D:4      | Reached XP level 6. HP: 50/56 MP: 6/6
  2445 | D:4      | Found a staircase to the Ecumenical Temple.
  2617 | Temple   | Entered the Ecumenical Temple
  2677 | D:5      | Entered Level 5 of the Dungeon
  2773 | D:5      | Found a sparkling altar of Nemelex Xobeh.
  2951 | D:5      | Noticed Prince Ribbit
  2984 | D:5      | Killed Prince Ribbit
  2985 | D:5      | Your scales start taking on a fiery red colour.
  2985 | D:5      | Reached XP level 7. HP: 37/61 MP: 7/7
  2985 | D:5      | Gained mutation: Your flesh is heat resistant. (rF+) [Red
                  | Draconian growth]
  3078 | D:5      | Noticed Menkaure
  3088 | D:5      | Killed Menkaure
  3089 | D:5      | Reached skill level 5 in Shapeshifting
  3551 | D:6      | Reached XP level 8. HP: 17/68 MP: 8/8
  3739 | D:6      | Found a glowing golden altar of the Shining One.
  3741 | D:6      | Noticed an angel
  3750 | D:6      | Found a basalt altar of Yredelemnul.
  3753 | D:6      | Noticed a profane servitor
  3935 | D:6      | Found an ornate altar of the Wu Jian Council.
  3940 | D:6      | Reached skill level 5 in Axes
  4248 | D:6      | Noticed Blork the orc
  4256 | D:6      | Killed Blork the orc
  4257 | D:6      | Reached XP level 9. HP: 78/78 MP: 9/9
  4262 | D:6      | Found an ancient bone altar of Kikubaaqudgha.
  4309 | D:6      | Found a shimmering blue altar of Sif Muna.
  4891 | D:6      | Became a worshipper of the Shining One
  5469 | D:7      | Noticed Pikel
  5477 | D:7      | Killed Pikel
  5841 | D:8      | Found Tacewn's Antique Armour Shoppe.
  5847 | D:8      | Bought a kite shield for 139 gold pieces
  6018 | D:8      | Noticed Maurice
  6038 | D:8      | Killed Maurice
  6039 | D:8      | Reached XP level 10. HP: 30/88 MP: 10/10
  6330 | D:8      | Found a radiant altar of Vehumet.
  6331 | D:8      | Noticed Maggie
  6341 | D:8      | Killed Maggie
  6455 | D:8      | Reached * piety under the Shining One
  6592 | D:9      | Found a burning altar of Makhleb.
  6699 | D:9      | Found a transporter.
  6709 | D:9      | Found a transporter.
  6711 | D:9      | Noticed a centaur warrior
  6716 | D:9      | Reached skill level 5 in Dodging
  6724 | D:9      | Found a staircase to the Orcish Mines.
  6855 | D:9      | Reached ** piety under the Shining One
  7031 | D:9      | Reached skill level 1 in Evocations
  7122 | D:9      | Identified the ring of Ygulufo {rElec Str+6}
  7126 | D:9      | Found a transporter.
  7144 | D:9      | Found a transporter.
  7145 | D:9      | Found a transporter.
  7418 | D:9      | Found Ifoulino's General Store.
  7427 | D:9      | Bought a scroll of identify for 28 gold pieces
  7682 | D:10     | Entered Level 10 of the Dungeon
  7759 | D:10     | Found a broken altar of Ashenzari.
  7816 | D:10     | Found a hide-covered altar of Uskayaw.
  7817 | D:10     | Noticed a +0 hand axe
  7817 | D:10     | Noticed a +0 hand axe
  8068 | D:10     | Reached *** piety under the Shining One
  8081 | D:10     | Reached XP level 11. HP: 28/94 MP: 11/11
  8446 | D:10     | Reached skill level 5 in Evocations
  8447 | D:10     | Found a staircase to the Lair.
  8683 | D:10     | Reached skill level 1 in Invocations
  8995 | D:10     | Gained mutation: You are somewhat resistant to further
                  | mutation. [potion of mutation]
  8996 | D:10     | Lost mutation: You are somewhat resistant to further
                  | mutation. [potion of mutation]
  8996 | D:10     | Gained mutation: You passively map a small area around you.
                  | [potion of mutation]
  8996 | D:10     | Gained mutation: You are clumsy. (Dex -2) [potion of
                  | mutation]
  8996 | D:10     | Gained mutation: You occasionally lose the ability to drink
                  | potions when taking damage. [potion of mutation]
  8996 | D:10     | Gained mutation: You passively map the area around you.
                  | [potion of mutation]
  8997 | D:10     | Lost mutation: You passively map the area around you.
                  | [potion of mutation]
  8997 | D:10     | Lost mutation: You passively map a small area around you.
                  | [potion of mutation]
  8997 | D:10     | Gained mutation: You sometimes lose the ability to drink
                  | potions when taking damage. [potion of mutation]
  8998 | D:10     | Lost mutation: You are clumsy. (Dex -2) [potion of
                  | mutation]
  8998 | D:10     | Lost mutation: You sometimes lose the ability to drink
                  | potions when taking damage. [potion of mutation]
  8998 | D:10     | Gained mutation: You have a somewhat thin skeletal
                  | structure. (Dex +2, Stealth+) [potion of mutation]
  8998 | D:10     | Gained mutation: You have hidden genetic potential. [potion
                  | of mutation]
  8998 | D:10     | Gained mutation: Your magical capacity is low. (-10% MP)
                  | [potion of mutation]
  9025 | Lair:1   | Entered Level 1 of the Lair of Beasts
  9033 | Lair:1   | Noticed Joseph
  9047 | Lair:1   | Killed Joseph
  9629 | Lair:1   | Reached skill level 5 in Invocations
 10470 | Lair:2   | Reached skill level 1 in Shields
 10601 | Lair:2   | Reached XP level 12. HP: 88/101 MP: 16/16
 10642 | Lair:2   | Reached **** piety under the Shining One
 10648 | Lair:2   | Noticed a six-headed hydra
 10661 | Lair:2   | Killed a ten-headed hydra
 10756 | Lair:2   | Reached skill level 5 in Shields
 11026 | Lair:2   | Gained mutation: You possess an exceptional clarity of
                  | mind. [hidden potential]
 11104 | Lair:2   | Noticed a seven-headed hydra
 11112 | Lair:2   | Killed a seven-headed hydra
 11755 | Lair:2   | Learned a level 3 spell: Frozen Ramparts
 11807 | Lair:3   | Found a gate leading to a gauntlet.
 11818 | Gauntlet | Entered a Gauntlet
 11818 | Gauntlet | Found a transporter.
 11818 | Gauntlet | Found a transporter.
 11822 | Gauntlet | Found a transporter.
 11822 | Gauntlet | Found a transporter.
 11831 | Gauntlet | Found a transporter.
 11850 | Gauntlet | Found a transporter.
 11850 | Gauntlet | Found the +10 tower shield of Ignorance {rN+ Int-4}
 11858 | Gauntlet | Found a transporter.
 11859 | Gauntlet | Noticed a catoblepas
 11860 | Gauntlet | Found a transporter.
 11860 | Gauntlet | Found a transporter.
 11864 | Gauntlet | Found a transporter.
 11900 | Gauntlet | Found a transporter.
 11926 | Gauntlet | Found a transporter.
 11964 | Gauntlet | Found a transporter.
 11967 | Gauntlet | Noticed a ghost crab
 11980 | Gauntlet | Found a transporter.
 12079 | Gauntlet | Found a transporter.
 12082 | Gauntlet | Noticed a seven-headed hydra
 12093 | Gauntlet | Found the +3 Mad Mage's Maulers {Infuse+∞ VampMP -Cast}
 12095 | Gauntlet | Found a transporter.
 12184 | Gauntlet | Gained mutation: You are frail. (-10% HP) [a neqoxec]
 12189 | Gauntlet | Reached skill level 1 in Spellcasting
 12189 | Gauntlet | Reached skill level 1 in Ice Magic
 12199 | Gauntlet | Identified the ring "Ozecy" {rPois rCorr Str+5 Dex-5}
 12453 | Gauntlet | Reached ***** piety under the Shining One
 12552 | Gauntlet | Identified the ring of Ageoqu {rElec rPois Int+6}
 12590 | Gauntlet | Noticed a minotaur
 12607 | Gauntlet | Killed a minotaur
 12842 | Lair:3   | Found a staircase to the Swamp.
 12865 | Lair:3   | Identified a scroll of acquirement
 12866 | Lair:3   | Acquired the +0 kite shield "Tiaroj" {Rampage rN++ Will+}
 13055 | Lair:3   | Found a staircase to the Snake Pit.
 13679 | Lair:4   | Found a staircase to the Slime Pits.
 13680 | Lair:4   | Found a viscous altar of Jiyva.
 13697 | Lair:4   | Reached skill level 5 in Spellcasting
 13945 | Lair:4   | Noticed a death yak
 13945 | Lair:4   | Noticed a death yak
 13945 | Lair:4   | Noticed a death yak
 13968 | Lair:4   | Killed a death yak
 13969 | Lair:4   | Reached skill level 5 in Ice Magic
 13969 | Lair:4   | Reached XP level 13. HP: 33/96 MP: 19/19
 13974 | Lair:4   | Slain by a death yak

Illustrated notes

Levels and vault maps discovered:
D:1:      saegor_arrival_miasma, layout_basic, minmay_pentomino_x2
D:2:      layout_loops_corners, basic_altar
D:3:      layout_rooms, mainiacjoe_overflow_alcove_2
D:4:      layout_rooms, minmay_temple_entry_fiery, serial_glass,
          glass_columns_a, glass_columns_b, due_unseen_surprise,
          feat_on_display, minmay_strange_pillars, item_on_display_b
D:5:      layout_gridville, nemelex_spade_bored_becter, portal_sewer_entry_e,
          uniq_menkaure, uniq_prince_ribbit1
D:6:      layout_rooms, grunt_temple_overflow_holy_war,
          mainiacjoe_overflow_alcove_4, lemuel_zombie_altar_kikubaaqudgha,
          mainiacjoe_overflow_chevrons, grunt_tough_drop, uniq_blork_the_orc
D:7:      layout_loops_ring, serial_demonic, serial_demonic_e, serial_demonic_e,
          serial_demonic_b, serial_demonic_a, serial_demonic_c,
          serial_demonic_a, nicolae_twisty_statue_hallways, uniq_pikel
D:8:      layout_basic, nicolae_vehumet_altar_sigil, lemuel_doored_altar,
          serial_shops, shop, uniq_maurice, uniq_grum, uniq_maggie
D:9:      gammafunk_the_bubble [the_bubble_gammafunk_roulette],
          layout_stronghold, demons_altar, david_orc_3, serial_shops,
          nicolae_shop_just_a_little_nook, minmay_nine_imps
D:10:     layout_stronghold, dancing_weapons_uskayaw,
          nicolae_ashenzari_panopticon, hellmonk_lair_entry_icy
Temple:   chequers_temple_sunken
Lair:1:   layout_cave_pods, nicolae_quartered_pool_impasse, grunt_megastairs_1,
          uniq_joseph
Lair:2:   layout_roguey
Lair:3:   layout_regular_city, swamp_mist_pool, guppyfry_snake_entry_island,
          gauntlet_entry_generic, minivault_23, serial_bayou_shore_b
Lair:4:   layout_misc_corridors, slime_entry_1

Skill      XL: |  1  2  3  4  5  6  7  8  9 10 11 12 |
---------------+-------------------------------------+-----
Fighting       | 2 3 4 5 6 8 |  8.0
Axes           | 2 3 7 |  7.0
Dodging        | 3 4 8 |  8.0
Shapeshifting  | 4 6 8 9 |  9.0
Evocations     | 4 6 |  6.0
Invocations    | 9 |  9.0
Shields        | 3 7 |  7.0
Spellcasting   | 5 |  5.6
Ice Magic      | 5 |  5.1
Unarmed Combat | |  3.0

Action                     |  1- 3 |  4- 6 |  7- 9 | 10-12 | 13-15 || total
---------------------------+-------+-------+-------+-------+-------++-------
  Melee: Unarmed           |    85 |       |       |       |       ||    85
         Tailslap          |     5 |     4 |    28 |    96 |     3 ||   136
         Hand axe          |     1 |    84 |   181 |   429 |     4 ||   699
         Punch             |     1 |     1 |     6 |       |       ||     8
  Throw: Throwing net      |       |       |     2 |       |       ||     2
   Cast: Frozen Ramparts   |       |       |       |       |     1 ||     1
 Invoke: Cleansing Flame   |       |       |       |     1 |       ||     1
Ability: Breathe Fire      |       |       |     7 |    10 |     1 ||    18
  Evoke: Wand              |       |       |       |     6 |       ||     6
         Tin of tremorston |       |       |       |     2 |       ||     2
    Use: Scroll            |     3 |     9 |     3 |    12 |       ||    27
         Potion            |       |       |     1 |     9 |       ||    10
   Stab: Sleeping          |     2 |     1 |       |       |       ||     3
 Armour: Skin              |    29 |    34 |    66 |   137 |     1 ||   267
  Dodge: Dodged            |    47 |    53 |   137 |   267 |     1 ||   505
  Block: Kite shield       |       |       |     3 |   266 |       ||   269

Table legend: (Time is in decaauts)
 A = Elapsed time spent in this place.
 B = Non-inter-level travel time spent in this place.
 C = Inter-level travel time spent in this place.
 D = Time resting spent in this place.
 E = Time spent auto-exploring this place.
 F = Levels seen in this place.
 G = Mean time per level.
                   A        B        C        D        E       F      G
               +--------+--------+--------+--------+--------+-----+--------+
         Total |  14025 |  13313 |    712 |   2301 |   8864 |  16 |  876.6 |
       Dungeon |   9037 |   8434 |    603 |   1412 |   5630 |  10 |  903.7 |
        Temple |     36 |      0 |     36 |      0 |      0 |   1 |   36.0 |
          Lair |   4164 |   4092 |     72 |    650 |   2947 |   4 | 1041.0 |
      Gauntlet |    786 |    786 |      0 |    239 |    286 |   1 |  786.0 |
               +--------+--------+--------+--------+--------+-----+--------+

Top non-repeatable levels by time:
  Lair:1: 1449 daAuts
  Lair:2: 1322 daAuts
     D:9: 1307 daAuts
     D:7: 1076 daAuts
     D:8: 1053 daAuts
    D:10: 1043 daAuts
     D:2: 1008 daAuts
     D:6: 1003 daAuts
  Lair:3: 935 daAuts
     D:5: 854 daAuts
Gauntlet: 786 daAuts
     D:4: 622 daAuts
     D:1: 621 daAuts
  Lair:4: 456 daAuts
     D:3: 447 daAuts
